cohdb
Replays
Latest Replays
All Replays
Popular Replays
Top Player Replays
Match Explorer
How It Works
Community
CoH3 Stats
Reddit
Sign in to upload your games and track your stats! →
Sign in with Steam
Match 41151384
Unlisted
Match 41151384
Overview
Messages
Build Orders
End
Construct Infanterie Kompanie
Selects Breakthrough Battlegroup
Selects Assault Grenadiers
MG 42 Machine Gun Team
Grenadier Squad
Grenadier Squad
Grenadier Squad
Construct Luftwaffe Kompanie
Selects Rapid Production
221 Scout Car
Jäger Squad
Jäger Squad
Selects Smoke Bombing Run
Selects Incendiary Bombing Run
Jäger Squad
Construct Panzergrenadier Kompanie
Incendiary Bombing Run
Jäger Squad
Jäger Squad
Selects Blitzkrieg
Pak 40 Anti-tank Gun Team
Incendiary Bombing Run
Construct Panzer Kompanie
MG 42 Machine Gun Team
Panzer IV Medium Tank
Jäger Squad
Pioneer Squad
Incendiary Bombing Run
Jäger Squad
MG 42 Machine Gun Team
Panzer IV Medium Tank
bigridge69
皮皮
MZMZ
jerjawe
goodgame
xzh
..................
okinawa
0
0
Comments
sign in to comment!
No comments posted yet!